AoeStats
← KingKross

MegaRandom

508485041Analyzed
3v3 RM · 8d ago on Sep 22, 2026· 52m 42s· 6 players
Game mode
Random Map
Map size
Normal (6 player)
Population
200
Speed
Normal
Resources
Standard
Victory
Conquest
Starting age
Dark Age
Ending age
Imperial Age
RankedLock teamsTeams togetherTeam positionsShared explorationLock speedFull tech treeHidden civsTurbo modeCheats
Victory
Defeat
🇮🇳 Franks · India
1329
+11
🇩🇪 Random · Germany
1309
+12
🇷🇴 Random · Romania
1112
+20
🇩🇪 Random · Germany
1318
-19
🇩🇪 Italians · Germany
1156
-12
🇩🇪 Byzantines · Germany
1148
-12
Sir Ottlas
0:27 Loom
5:41 Loom
8:39 Feudal Age
9:05 Double-Bit Axe
12:17 Horse Collar
16:50 Castle Age
17:32 Scale Mail Armor
18:12 Bow Saw
22:32 Town Watch
28:06 Wheelbarrow
29:07 Stone Mining
29:42 Hand Cart
30:35 Gold Mining
31:12 Squires
31:26 Forging
31:04 Man-at-Arms
34:26 Imperial Age
32:02 Gambesons
32:35 Chain Mail Armor
32:55 Iron Casting
32:03 Long Swordsman
33:39 Heavy Plow
33:16 Hamask
34:02 Arson
34:31 Elite Varangian Guard
34:32 Two-Handed Swordsman
35:47 Plate Mail Armor
36:53 Blast Furnace
36:56 Capped Ram
37:00 Champion
40:00 Siege Ram
41:16 Fletching
42:51 Fletching
42:41 Elite Longship
43:55 Bodkin Arrow
44:44 Ballistics
45:25 Chemistry
45:35 Bracer
KingKross
9:57 Feudal Age
12:56 Loom
18:25 Castle Age
18:34 Crossbowman
19:05 Double-Bit Axe
20:29 Fletching
20:40 Padded Archer Armor
24:11 Bow Saw
23:44 Horse Collar
26:50 Bodkin Arrow
30:43 Thumb Ring
32:33 Ballistics
32:32 Leather Archer Armor
35:27 Wheelbarrow
41:29 Heavy Plow
42:21 Hand Cart
46:45 Imperial Age
46:46 Arbalester
47:30 Bracer
48:01 Ring Archer Armor
48:58 Chemistry
50:54 Crop Rotation
51:27 Two-Man Saw
50:55 Town Watch
LordChickenwing
0:40 Loom
10:37 Feudal Age
14:15 Horse Collar
14:24 Double-Bit Axe
18:29 Wheelbarrow
21:38 Castle Age
23:52 Heavy Plow
24:08 Bow Saw
36:16 Hand Cart
37:56 Scale Barding Armor
38:02 Forging
38:50 Fletching
41:03 Fortified Wall
41:16 Ballistics
44:34 Imperial Age
43:42 Chain Barding Armor
43:24 Scale Mail Armor
43:57 Squires
43:43 Gambesons
43:33 Pikeman
45:51 Iron Casting
45:51 Conscription
46:48 Chain Mail Armor
46:29 Bodkin Arrow
48:09 Chemistry
48:11 Plate Mail Armor
48:30 Halberdier
Castor
0:29 Loom
8:42 Feudal Age
9:40 Double-Bit Axe
10:51 Bloodlines
11:05 Scale Barding Armor
13:35 Horse Collar
18:27 Castle Age
16:55 Scale Mail Armor
18:05 Forging
19:49 Chain Mail Armor
19:23 Arson
19:39 Squires
20:51 Iron Casting
20:30 Bow Saw
24:39 Wheelbarrow
24:09 Arson
24:59 Gambesons
29:10 Hand Cart
29:06 Heavy Plow
28:58 Gold Mining
28:58 Stone Mining
34:28 Imperial Age
31:44 Town Watch
35:52 Plate Mail Armor
36:06 Gold Shaft Mining
37:00 Conscription
36:08 Shield Wall
36:17 Elite Varangian Guard
37:12 Fletching
39:22 Ballistics
40:02 Chemistry
39:21 Bodkin Arrow
39:02 Elite Hearth Troop
39:37 Elite Longship
40:19 Bracer
40:49 Padded Archer Armor
41:09 Careening
44:07 Leather Archer Armor
45:22 Onager
46:21 Clerical Recruitment
49:35 Capped Ram
Telepateu
10:36 Feudal Age
9:03 Loom
12:43 Double-Bit Axe
18:27 Castle Age
16:49 Horse Collar
17:31 Stone Mining
19:44 Bow Saw
21:15 Wheelbarrow
21:47 Scale Mail Armor
22:05 Heavy Plow
26:27 Forging
26:53 Scale Mail Armor
28:22 Squires
30:33 Hand Cart
30:14 Gold Mining
31:06 Iron Casting
32:30 Chain Mail Armor
32:55 Gold Shaft Mining
34:58 Arson
40:51 Imperial Age
38:46 Thumb Ring
38:35 Fletching
38:53 Scale Barding Armor
40:43 Bodkin Arrow
41:08 Chain Barding Armor
41:32 Elite Varangian Guard
43:26 Blast Furnace
42:50 Bloodlines
43:17 Cranequins
45:37 Capped Ram
48:00 Plate Mail Armor
48:09 Siege Ram
50:41 Conscription
50:09 Hamask
52:33 Caravan
BombayGypsy
0:36 Loom
8:53 Feudal Age
9:34 Double-Bit Axe
11:46 Forging
13:30 Scale Barding Armor
14:46 Town Watch
19:04 Castle Age
17:41 Gold Mining
17:52 Gold Mining
20:31 Wheelbarrow
22:46 Scale Mail Armor
23:24 Stone Mining
23:46 Bow Saw
25:40 Husbandry
26:39 Chain Mail Armor
29:20 Iron Casting
30:13 Ordonnance Companies
30:52 Fletching
31:02 Padded Archer Armor
30:54 Arson
31:39 Padded Archer Armor
32:05 Bodkin Arrow
34:10 Leather Archer Armor
34:21 Hand Cart
35:08 Ballistics
35:41 Gold Shaft Mining
38:45 Imperial Age
38:25 Squires
38:50 Elite Throwing Axeman
39:52 Conscription
40:15 Plate Mail Armor
40:45 Blast Furnace
40:57 Chemistry
40:08 Masonry
40:58 Chain Barding Armor
41:41 Cranequins
43:03 Heavy Mounted Crossbowman
48:54 Cavalier
50:27 Plate Barding Armor
50:28 Paladin
Connection lost

Rejoining the realm…

Still unreachable

The connection could not be restored.

Session expired

The server has moved on; the page needs a fresh start.